 Bloatcrawl 2 version 2.3.0-a0-108-gdc832c1 (webtiles) character file.

Game seed: 388346513971150058, levelgen mode: deterministic

2 Someone4956 the Ducker (level 1, -1/17 HPs)
             Began as an Ancient Gnoll Alchemist on Jan 18, 2020.
             Slain by a jackal (3 damage)
             ... on level 1 of the Dungeon.
             The game lasted 00:00:48 (39 turns).

Someone4956 the Ducker (Ancient Gnoll Alchemist)      Turns: 39, Time: 00:00:48

Health: -1/17      AC:  0    Str:  9    XL:     1   Next: 40%
Magic:  1/1        EV: 14    Int: 12    God:
Gold:   0          SH:  0    Dex: 12    Spells: 0/0 levels left Game modifiers: Zombie

rFire    + . .     SeeInvis .   a - +0 dagger
rCold    + + .     Gourm    .   (no shield)
rNeg     + + +     Faith    .   b - +0 robe
rPois    ∞         Spirit   .   g - -2 hat of the Alchemist {rElec rPois rF+ rC+ rN+ MR+ rMut rCorr}
rElec    +         Reflect  .   (no cloak)
rCorr    +         Harm     .   (no gloves)
rMut     +                      (no boots)
MR       +....                  (no amulet)
Stlth    ++........             (no ring)
HPRegen  0.05/turn              (no ring)
MPRegen  0.07/turn

@: rotting
A: locked stats, unbreathing 1, negative energy resistance 3, torment resistance
1, cold resistance 1, zombie 1, inhibited regeneration 1, fangs 1, strong nose
a: no special abilities


You were on level 1 of the Dungeon.
You were not hungry.

You visited 1 branch of the dungeon, and saw 1 of its levels.

Inventory:

Hand Weapons
 a - a +0 dagger (weapon)
Armour
 b - a +0 robe (worn)
 g - the -2 hat of the Alchemist (worn) {rElec rPois rF+ rC+ rN+ MR+ rMut rCorr}

   It protects you from fire.
   It protects you from cold.
   It insulates you from electricity.
   It protects you from poison.
   It protects you from negative energy.
   It affects your resistance to hostile enchantments.
   It provides partial protection from all sources of acid and corrosion.
   It protects you from mutation.
Potions
 c - a potion of mutation
 d - a potion of lignification
 e - a potion of cancellation
 f - a potion of brilliance
Comestibles
 h - a ration


   Skills:
 + Level 2.7 Fighting
 + Level 5.4 Dodging
 + Level 3.6 Stealth


You couldn't memorise any spells.
You didn't know any spells.
Your spell library was empty.

Dungeon Overview and Level Annotations

Branches:
Dungeon (1/15)

Altars:


Innate Abilities, Weirdness & Mutations

Your physical attributes cannot change through any means.
You are immune to poison.
You can survive without breathing.
You are immune to negative energy. (rN+++)
You are immune to unholy pain and torment.
Your flesh is cold resistant. (rC+)
You hunger for flesh and rot when hungry.
You do not regenerate when monsters are visible.
You have very sharp teeth.
Your uncanny sense of smell can sniff out nearby items.


Message History

The jackal misses you.
You barely miss the jackal. The jackal bites you.
* * * LOW HITPOINT WARNING * * *
You hit the jackal but do no damage. The jackal misses you.
Your unliving flesh cannot be transformed in this way.
You hit the jackal but do no damage. The jackal bites you.
* * * LOW HITPOINT WARNING * * *
The jackal completely misses you.
You barely miss the jackal. The jackal barely misses you.
You hit the jackal.
The jackal is severely wounded.
The jackal closely misses you. x2
You hit the jackal.
You kill the jackal!
You closely miss the jackal. You bite the jackal, but do no damage.
The jackal closely misses you. x2
You hit the jackal.
The jackal is heavily wounded.
The jackal bites you.
You die...

.......# .#
.......####.#
#..........# #
##..........#..
..(..........>#
#......#
#......# ∆
######......#
#..@hh......#
###.####......#
#.....#######.#
##...## .#
##<## # ###


You could see 2 jackals.

Vanquished Creatures
  2 jackals (D:1)
2 creatures vanquished.

Notes
Turn   | Place    | Note
-------+----------+-------------------------------------------
     0 | D:1      | Someone4956 the Ancient Gnoll Alchemist began the quest for
                  | the Orb.
     0 | D:1      | Reached XP level 1. HP: 17/17 MP: 1/1
    39 | D:1      | Slain by a jackal

Levels and vault maps discovered:
D:1:      evilmike_arrival_sounds_zot, layout_basic, minmay_3d_cube

Action                   || total
-------------------------++-------
Melee: Dagger            ||    23
       Bite              ||     2
Dodge: Dodged            ||    30

Table legend:
 A = Non-vault XP
 B = Vault XP
 C = Vault XP percentage of total XP
 D = Non-vault monster count
 E = Vault monster count
 F = Vault count percentage of total count
                 A         B        C        D         E       F
            +---------+---------+-------+---------+---------+-------
      Total |       4 |       0 |   0.0 |       2 |       0 |   0.0
            +---------+---------+-------+---------+---------+-------
        D:1 |       4 |       0 |   0.0 |       2 |       0 |   0.0
            +---------+---------+-------+---------+---------+-------
